 Dungeon Crawl Stone Soup version 0.20.1-1-g8b1a95d (webtiles) character file.

105716 Peloso the Fencer (level 15, -15/120 HPs)
             Began as a Demonspawn Fighter on Oct 7, 2017.
             Was the Champion of Okawaru.
             Killed from afar by a shock serpent (21 damage)
             ... with a bolt of electricity
             ... on level 1 of the Snake Pit on Oct 8, 2017.
             The game lasted 02:05:39 (32938 turns).

Peloso the Fencer (Demonspawn Fighter)             Turns: 32938, Time: 02:05:39

Health: -15/120    AC: 33    Str: 27    XL:     15   Next: 95%
Magic:  0/17       EV:  9    Int:  9    God:    Okawaru [******]
Gold:   2429       SH: 15    Dex: 20    Spells: 14/14 levels left

rFire    . . .     SeeInvis .   M - +1 double sword (freeze)
rCold    + . .     Gourm    .   c - +0 shield
rNeg     . . .     Faith    .   E - +0 crystal plate armour "Vasiti" {Str+3 Dex+4}
rPois    +         Spirit   +   l - +1 helmet
rElec    .         Reflect  .   R - scarf {Spirit}
rCorr    .         Harm     .   K - +5 pair of gloves of Kyunn {+Inv rPois rC+ Str-4}
MR       +....                  O - +2 pair of boots of the Assassin {Detection Stab+ Stlth++}
Stlth    ..........             W - amulet of regeneration
Regen    0.7/turn               i - +5 ring of strength
MPRegen  0.3/turn               x - +3 ring of dexterity

@: no status effects
A: claws 1, repulsion field 1, powered by death 2, magic shield, magic
regeneration
a: Heroism, Finesse, Renounce Religion, Evoke Invisibility


You were on level 1 of the Snake Pit.
You worshipped Okawaru.
Okawaru was exalted by your worship.
You were not hungry.

You visited 5 branches of the dungeon, and saw 25 of its levels.
You also visited: Bailey.

You collected 2501 gold pieces.
You spent 72 gold pieces at shops.

Inventory:

Hand Weapons
 a - a +3 scimitar of flaming
 C - a +5 long sword
 F - a +3 scimitar of protection
 M - a +1 double sword of freezing (weapon)
 X - a +4 demon blade of electrocution
Armour
 b - a +0 crystal plate armour
 c - a +0 shield (worn)
 l - a +1 helmet (worn)
 D - a +1 pair of gloves of archery
 E - the +0 crystal plate armour "Vasiti" (worn) {Str+3 Dex+4}
   (Okawaru gifted it to you on level 14 of the Dungeon)

   It affects your strength (+3).
   It affects your dexterity (+4).
 K - the +5 pair of gloves of Kyunn (worn) {+Inv rPois rC+ Str-4}
   (You found it in a bailey)

   It affects your strength (-4).
   It protects you from cold.
   It protects you from poison.
   It lets you turn invisible.
 O - the +2 pair of boots of the Assassin (worn) {Detection Stab+ Stlth++}
   (You found it on level 1 of the Lair of Beasts)

   It makes you much more stealthy.
 R - a scarf of spirit shield (worn)
Jewellery
 i - a +5 ring of strength (left hand)
 n - the amulet of Grace {*Slow +Blink +Rage rElec rC+}
   (You took it off a centaur on level 11 of the Dungeon)

   [amulet of rage]

   It protects you from cold.
   It insulates you from electricity.
   It lets you blink.
   It lets you go berserk.
   It may slow you when you take damage.
 x - a +3 ring of dexterity (right hand)
 z - an uncursed ring of ice
 G - an uncursed ring of resist corrosion
 W - an amulet of regeneration (around neck)
Wands
 d - a wand of random effects (24/48)
 j - a wand of lightning (10/15)
 k - a wand of digging (12/24)
 A - a wand of acid (3/15)
Scrolls
 o - 14 scrolls of remove curse
 p - 9 scrolls of teleportation
 t - a scroll of amnesia
 w - a scroll of magic mapping
 y - a scroll of recharging
 T - 2 scrolls of blinking
Potions
 e - 4 potions of haste
 h - 3 potions of agility
 q - 8 potions of curing
 r - 2 potions of might
 u - 3 potions of heal wounds
 B - 2 potions of resistance
 L - 3 potions of flight
 N - a potion of berserk rage
Books
 s - a book of Cantrips

   Spells                             Type                      Level
   a - Confusing Touch                Hexes                        1
   b - Animate Skeleton               Necromancy                   1
   c - Summon Small Mammal            Summoning                    1
   d - Apportation                    Translocation                1
Comestibles
 f - 12 bread rations
 g - 20 fruits
 m - 7 royal jellies
 v - 9 meat rations
 H - 2 chunks of flesh


   Skills:
 + Level 12.0 Fighting
 + Level 15.0 Long Blades
   Level 4.0 Maces & Flails
 + Level 11.5 Armour
 + Level 2.4 Dodging
 + Level 1.4 Stealth
 + Level 14.3 Shields
 + Level 3.1 Invocations
 + Level 1.4 Evocations


You had 14 spell levels left.
You didn't know any spells.

Dungeon Overview and Level Annotations

Branches:
Dungeon (14/15)            Temple (1/1) D:6            Lair (6/6) D:8
 Shoals (0/4) Lair:2        Snake (2/4) Lair:4        Slime (0/5) Lair:5
    Orc (2/2) D:10            Elf (0/3) Orc:2        Vaults (0/5) D:14

Altars:
Ashenzari
Cheibriados
Dithmenos
Elyvilon
Fedhas
Gozag
Kikubaaqudgha
Makhleb
Nemelex Xobeh
Okawaru
Qazlal
Ru
Sif Muna
Trog
Yredelemnul
The Shining One
Beogh
Jiyva

Shops:
D:6 :   Orc:2 =*([

Annotations:
D:12 Kirke
Snake:2 ShornTheSheep's ghost, journeyman MiBe


Innate Abilities, Weirdness & Mutations

You have sharp fingernails.
You are surrounded by a mild repulsion field. (EV +2)
You regenerate health from kills.
When hurt, damage is shared between your health and your magic reserves.
You regenerate magic rapidly.


Message History

The bolt of electricity hits the shock serpent.
The shock serpent completely resists.
You slice the shock serpent!!
The shock serpent seems to slow down.
You freeze the shock serpent.
The shock serpent is almost dead.
The shock serpent's electric aura discharges violently, shocking you!
* * * LOW HITPOINT WARNING * * *
The shock serpent shoots out a bolt of lightning at you!
The bolt of electricity misses you. x2
The bolt of electricity hits the shock serpent.
The shock serpent completely resists.
You closely miss the shock serpent.
The shock serpent is severely wounded.
You miss the shock serpent.
The shock serpent is severely wounded.
The shock serpent shoots out a bolt of lightning at you!
The bolt of electricity hits you!
* * * LOW HITPOINT WARNING * * *
The bolt of electricity hits you!
You die...

....##....##..(##...##...........
....########...##...#############
.....######..........############
.......[.........................
.................................
.........()......................
.........((......................
#############.....###############
#############..S@################
..##.............##..............
..##.............##..............
..##.............##..............
..##.........######..............
............######....##(........
............##........##.........
............##........##......)..
............##........##.........


You could see a shock serpent.

Vanquished Creatures
  Aizul (Snake:1)
  An orc warlord (Orc:2)
  Azrael (Orc:2)
  Nessos (Lair:4)
  Snorg (Orc:1)
  The ghost of Kunitse the Fighter, a journeyman DrBe of Trog (D:11)
  Harold (Lair:1)
  A naga warrior (Snake:1)
  3 catoblepae (Lair:6)
  Fannar (Orc:1)
  8 hydras
  The ghost of Andry07 the Fighter, a journeyman GrFi of Okawaru (D:10)
  2 centaur warriors (D:14)
  An anaconda (Snake:1)
  2 dancing weapons (D:14)
  24 death yaks
  10 two-headed ogres
  An ogre mage (D:14)
  A naga sharpshooter (Snake:1)
  A shock serpent (Snake:1)
  2 orc high priests (Orc:2)
  An unseen horror (D:11)
  A naga ritualist (Snake:1)
  5 orc knights
  A mana viper (Snake:1)
  2 orc sorcerers (Orc:2)
  6 ugly things
  4 manticores
  A deep elf mage (D:13)
  2 salamanders
  2 rust devils
  3 cyclopes
  6 elephants (Lair:6)
  2 naga magi (Snake:1)
  A guardian serpent (Snake:1)
  3 gargoyles
  2 torpor snails
  12 black mambas
  8 spiny frogs
  7 komodo dragons
  A redback zombie (D:14)
  4 rime drakes
  3 kobold demonologists (D:11)
  An efreet (D:14)
  8 trolls
  A hornet (D:9)
  4 slime creatures (D:13)
  10 blink frogs
  4 dream sheep
  5 hippogriffs
  A wyvern (Lair:3)
  3 vampires (D:14)
  67 yaks
  A shadow (D:13)
  2 humans (D:9)
  A wraith (D:11)
  2 fire elementals
  3 hogs (D:12)
  2 basilisks
  A hungry ghost (D:9)
  2 vampire mosquitoes (D:12)
  5 wargs
  7 nagas
  2 acid dragons
  8 water moccasins
  5 porcupines
  3 hell hounds (Orc:2)
  3 ice beasts
  36 orc warriors
  A black bear (D:11)
  An eye of draining (D:11)
  5 sky beasts
  18 wolves
  3 necrophages
  17 ogres
  4 phantoms
  18 centaurs
  10 crocodiles
  4 big kobolds
  A gnoll sergeant (D:9)
  15 bullfrogs
  A water moccasin zombie (D:7)
  A water moccasin skeleton (D:9)
  5 scorpions
  17 wights
  4 howler monkeys
  An electric eel (Lair:3)
  6 crimson imps
  A lava snake (Lair:4)
  3 centaur zombies
  A bullfrog zombie (D:11)
  2 quasits
  11 orc priests
  20 orc wizards
  6 hounds
  A centaur skeleton (D:9)
  5 iguanas
  5 jellies
  16 worker ants
  4 hell rats (Lair:5)
  A hound skeleton (D:10)
  A howler monkey zombie (D:6)
  2 worker ant zombies
  Robin (D:2)
  8 gnolls
  10 adders
  5 shadow imps
  An ooze (D:3)
  2 worms
  2 dart slugs
  5 leopard geckos
  79 orcs
  A ball python (D:5)
  6 giant cockroaches
  17 goblins
  8 hobgoblins
  6 jackals
  7 quokkas
  6 bats
  4 frilled lizards
  A goblin zombie (D:9)
  3 hobgoblin zombies (D:9)
  A jackal skeleton (D:8)
  A jackal zombie (D:5)
  13 kobolds
  4 orc skeletons (D:9)
  5 rats
  3 fungi (Orc:2)
739 creatures vanquished.

Vanquished Creatures (others)
  A wizard (D:5)
  A troll (Orc:2)
  6 fungi
  7 plants
15 creatures vanquished.

Grand Total: 754 creatures vanquished

Notes
Turn   | Place    | Note
-------+----------+-------------------------------------------
     0 | D:1      | Peloso the Demonspawn Fighter began the quest for the Orb.
     0 | D:1      | Reached XP level 1. HP: 18/18 MP: 1/1
   358 | D:1      | Gained mutation: When hurt, damage is shared between your health and your magic reserves. [demonic ancestry]
   358 | D:1      | Reached XP level 2. HP: 24/24 MP: 2/2
   378 | D:1      | Reached skill level 2 in Long Blades
   848 | D:2      | Noticed Robin
   869 | D:2      | Gained mutation: You regenerate a little health from kills. [demonic ancestry]
   869 | D:2      | Reached XP level 3. HP: 27/29 MP: 3/3
   887 | D:2      | Killed Robin
  1713 | D:2      | Reached XP level 4. HP: 29/36 MP: 2/4
  2147 | D:3      | Found a blossoming altar of Fedhas.
  2420 | D:3      | Reached skill level 3 in Long Blades
  2682 | D:4      | Reached XP level 5. HP: 35/42 MP: 3/5
  2686 | D:4      | Noticed an ogre
  2933 | D:2      | HP: 2/42 [poisoned by a scorpion]
  2959 | D:2      | Reached XP level 6. HP: 23/48 MP: 2/6
  3467 | D:4      | Reached skill level 4 in Long Blades
  3553 | D:4      | Reached XP level 7. HP: 49/55 MP: 7/7
  3830 | D:5      | Entered Level 5 of the Dungeon
  3922 | D:5      | Reached skill level 1 in Dodging
  4084 | D:5      | Found a deep blue altar of Sif Muna.
  4170 | D:5      | Reached skill level 5 in Long Blades
  4223 | D:5      | Found a bloodstained altar of Trog.
  4230 | D:5      | Noticed a wizard
  4235 | D:5      | Killed a wizard
  4798 | D:5      | Reached skill level 5 in Shields
  4817 | D:5      | Reached XP level 8. HP: 57/61 MP: 8/8
  4880 | D:6      | Found Gayhung's Book Boutique.
  5461 | D:6      | Reached skill level 5 in Fighting
  5676 | D:6      | Reached skill level 1 in Stealth
  5778 | D:6      | Reached skill level 6 in Long Blades
  5919 | D:6      | Got a pitted tin ring
  5936 | D:5      | Noticed a rust devil
  5936 | D:5      | Noticed a rust devil
  6006 | D:6      | Reached skill level 5 in Armour
  6108 | D:6      | Gained mutation: You have sharp fingernails. [demonic ancestry]
  6108 | D:6      | Reached XP level 9. HP: 62/68 MP: 9/9
  6161 | D:6      | Found a staircase to the Ecumenical Temple.
  6456 | Temple   | Entered the Ecumenical Temple
  6491 | Temple   | Became a worshipper of Warmaster Okawaru
  6592 | D:6      | Reached skill level 7 in Long Blades
  6929 | D:7      | Identified the ring "Zuuhisch Nyeb" {Ice Int+2} (You found it on level 6 of the Dungeon)
  7170 | D:7      | Reached * piety under Okawaru
  7528 | D:8      | Found a sparkling altar of Nemelex Xobeh.
  7711 | D:8      | Reached skill level 8 in Long Blades
  7751 | D:8      | Found a staircase to the Lair.
  8069 | D:9      | Found a shattered altar of Ashenzari.
  8100 | D:9      | Found an iron altar of Okawaru.
  8132 | D:9      | Reached ** piety under Okawaru
  8276 | D:9      | Found an opulent altar of Gozag.
  8328 | D:9      | Reached XP level 10. HP: 32/76 MP: 6/10
  8720 | D:9      | Found a glowing golden altar of the Shining One.
  8763 | D:9      | Got a turquoise-encrusted scale mail
  8785 | D:9      | Identified the +0 scale mail of Lies {+Blink rC++ Slay-3 Stlth+} (You found it on level 9 of the Dungeon)
 10087 | D:10     | Entered Level 10 of the Dungeon
 10087 | D:10     | Found a staircase to the Orcish Mines.
 10161 | D:10     | Found a roughly hewn altar of Beogh.
 10380 | D:10     | Reached skill level 9 in Long Blades
 10722 | D:10     | Noticed Andry07's ghost (journeyman GrFi)
 10826 | D:10     | Killed Andry07's ghost
 11049 | D:10     | Reached skill level 1 in Invocations
 11069 | D:10     | Reached *** piety under Okawaru
 13097 | D:11     | Noticed Kunitse's ghost (journeyman DrBe)
 13153 | D:11     | Killed Kunitse's ghost
 13153 | D:11     | Reached XP level 11. HP: 73/84 MP: 12/12
 13227 | D:11     | Found a flagged portal.
 13244 | Bailey   | Entered a bailey
 13556 | Bailey   | Noticed an orc knight
 13721 | Bailey   | Got a pair of distressingly furry gloves
 13728 | Bailey   | Identified the +5 pair of gloves of Kyunn {+Inv rPois rC+ Str-4} (You found it in a bailey)
 14040 | Bailey   | Killed an orc knight
 14277 | D:11     | Reached skill level 10 in Long Blades
 14456 | D:11     | Reached **** piety under Okawaru
 14654 | D:11     | Reached skill level 1 in Evocations
 15137 | D:11     | Received a gift from Okawaru
 15411 | D:11     | Killed an unseen horror
 15490 | D:11     | Got a slimy zirconium amulet
 15820 | D:11     | Received a gift from Okawaru
 15903 | D:11     | Reached skill level 10 in Shields
 15917 | D:11     | Noticed a purple ugly thing
 16179 | D:11     | Killed a purple ugly thing
 16182 | D:11     | Identified the amulet of Grace {*Slow +Blink +Rage rElec rC+} (You took it off a centaur on level 11 of the Dungeon)
 16267 | D:11     | Noticed a two-headed ogre
 16352 | D:11     | Killed a two-headed ogre
 16352 | D:11     | Gained mutation: You regenerate health from kills. [demonic ancestry]
 16352 | D:11     | Reached XP level 12. HP: 92/92 MP: 13/13
 17199 | Lair:1   | Entered Level 1 of the Lair of Beasts
 17316 | Lair:1   | Reached skill level 11 in Long Blades
 17731 | Lair:1   | Reached ***** piety under Okawaru
 17858 | Lair:1   | Noticed Harold
 17900 | Lair:1   | Killed Harold
 19253 | Lair:2   | Noticed an eight-headed hydra
 20093 | D:12     | Noticed a two-headed ogre
 20117 | D:12     | Killed a two-headed ogre
 20481 | D:12     | Noticed a two-headed ogre
 20501 | D:12     | Killed a two-headed ogre
 20554 | D:13     | Noticed Kirke
 21063 | D:13     | Reached ****** piety under Okawaru
 21348 | D:13     | Reached XP level 13. HP: 93/100 MP: 14/14
 21405 | D:13     | Reached skill level 12 in Long Blades
 22066 | Lair:2   | Found a staircase to the Shoals.
 22419 | Lair:3   | Received a gift from Okawaru
 22419 | Lair:3   | Reached skill level 1 in Maces & Flails
 23167 | Lair:4   | Noticed Nessos
 23673 | Lair:4   | Killed Nessos
 23882 | Lair:4   | Found a staircase to the Snake Pit.
 25194 | Lair:5   | Received a gift from Okawaru
 25304 | Lair:5   | Found a viscous altar of Jiyva.
 25305 | Lair:5   | Found a staircase to the Slime Pits.
 25415 | Lair:5   | Reached skill level 10 in Armour
 25527 | Lair:5   | Gained mutation: You are surrounded by a mild repulsion field. (EV +2) [demonic ancestry]
 25527 | Lair:5   | Reached XP level 14. HP: 71/109 MP: 6/16
 25648 | Lair:5   | Received a gift from Okawaru
 25724 | Lair:5   | Reached skill level 10 in Fighting
 26284 | Lair:6   | Entered Level 6 of the Lair of Beasts
 26312 | Lair:5   | Reached skill level 13 in Long Blades
 26806 | Lair:6   | Received a gift from Okawaru
 27241 | Lair:6   | Received a gift from Okawaru
 27263 | Lair:6   | Got an encrusted falchion {god gift}
 27266 | Lair:6   | Identified the +3 falchion of Naruopt {vamp, rN++ MR- Int+2 SInv} (Okawaru gifted it to you on level 6 of the Lair of Beasts)
 28856 | D:14     | Gained mutation: You regenerate magic rapidly. [demonic ancestry]
 28856 | D:14     | Reached XP level 15. HP: 111/118 MP: 15/17
 28929 | D:14     | Received a gift from Okawaru
 28956 | D:14     | Reached skill level 14 in Long Blades
 28965 | D:14     | Got a blackened crystal plate armour {god gift}
 28978 | D:14     | Identified the +0 crystal plate armour "Vasiti" {Str+3 Dex+4} (Okawaru gifted it to you on level 14 of the Dungeon)
 29478 | D:14     | Found a gate to the Vaults.
 29731 | Orc:1    | Entered Level 1 of the Orcish Mines
 29856 | Orc:2    | Entered Level 2 of the Orcish Mines
 29856 | Orc:2    | Found Ipsey's Antique Weapon Emporium.
 30025 | Orc:2    | Found Wuteuna's Jewellery Shoppe.
 30029 | Orc:2    | Found a staircase to the Elven Halls.
 30034 | Orc:2    | Noticed an orc warlord
 30037 | Orc:2    | Found Jeskutug's General Store.
 30053 | Orc:2    | Killed an orc warlord
 30204 | Orc:2    | Found a roughly hewn altar of Beogh.
 30313 | Orc:2    | Noticed Azrael
 30475 | Orc:2    | Killed Azrael
 30590 | Orc:2    | Found Muj Obru's Antique Armour Emporium.
 30839 | Orc:2    | Received a gift from Okawaru
 30859 | Orc:1    | Noticed Snorg
 30872 | Orc:1    | Killed Snorg
 31178 | Orc:1    | Noticed Fannar
 31201 | Orc:1    | Killed Fannar
 31416 | Orc:2    | Bought a scroll of identify for 24 gold pieces
 31416 | Orc:2    | Bought a potion of might for 48 gold pieces
 31636 | Snake:1  | Entered Level 1 of the Snake Pit
 32348 | Snake:1  | Noticed Aizul
 32373 | Snake:1  | Killed Aizul
 32527 | Snake:1  | Reached skill level 15 in Long Blades
 32923 | Snake:2  | Noticed ShornTheSheep's ghost (journeyman MiBe)
 32938 | Snake:1  | HP: 6/120 [shock serpent/bolt of electricity (13)]
 32938 | Snake:1  | Killed from afar by a shock serpent

Skill      XL: |  1  2  3  4  5  6  7  8  9 10 11 12 13 14 15 |
---------------+----------------------------------------------+-----
Long Blades    | 2 3 4 5 6 8 9 10 11 12 13 15 | 15.0
Shields        | 3 4 5 6 7 8 10 11 12 13 14 | 14.3
Armour         | 3 4 5 7 8 9 10 11 | 11.5
Fighting       | 4 5 6 7 8 9 11 12 | 12.0
Dodging        | 1 2 |  2.4
Stealth        | 1 |  1.4
Invocations    | 1 2 3 |  3.1
Evocations     | 1 |  1.4
Maces & Flails | 3 4 |  4.0

Action                   |  1- 3 |  4- 6 |  7- 9 | 10-12 | 13-15 || total
-------------------------+-------+-------+-------+-------+-------++-------
Melee: Long sword        |   125 |   296 |   411 |       |   450 ||  1282
       Falchion          |       |       |   362 |  2054 |   172 ||  2588
       Double sword      |       |       |       |       |   992 ||   992
       Morningstar       |       |       |       |       |    81 ||    81
       Demon blade       |       |       |       |       |   111 ||   111
Invok: Heroism           |       |       |     1 |    29 |    13 ||    43
Evoke: Wand              |       |       |       |    15 |     4 ||    19
  Use: Scroll            |       |     5 |     2 |    16 |    10 ||    33
       Potion            |       |     2 |     3 |     4 |     2 ||    11
  Eat: Chunk             |     2 |     8 |    16 |    36 |    34 ||    96
       Fruit             |       |       |     1 |    15 |     6 ||    22
Armor: Scale mail        |    61 |       |       |       |       ||    61
       Plate armour      |     7 |   277 |   394 |   264 |       ||   942
       Skin              |       |       |     9 |       |       ||     9
       Crystal plate arm |       |       |       |   969 |  1104 ||  2073
Dodge: Dodged            |    36 |    64 |   119 |   307 |   495 ||  1021
Block: Shield            |    51 |   206 |   385 |  1188 |  1313 ||  3143
       Rpst.: Long sword |    12 |    21 |    19 |       |    20 ||    72
       Falchion          |       |       |    20 |    79 |     4 ||   103
       Double sword      |       |       |       |       |    71 ||    71
       Demon blade       |       |       |       |       |    13 ||    13
